 Dungeon Crawl Stone Soup version 0.31-a0-344-gd109795599 (webtiles) character file.

Game seed: 8315598488365197303

21780 howech the Cleaver (level 12, -1/112 HPs)
             Began as a Minotaur Berserker on July 21, 2023.
             Was a High Priest of Trog.
             Slain by an elephant (7 damage)
             ... while petrified by a basilisk
             ... on level 2 of the Lair of Beasts.
             The game lasted 00:30:58 (12240 turns).

howech the Cleaver (Minotaur Berserker)            Turns: 12240, Time: 00:30:58

Health: -1/112     AC: 14    Str: 29    XL:     12   Next: 57%
Magic:  11/11      EV:  2    Int:  9    God:    Trog [*****.]
Gold:   425        SH:  0    Dex: 12    Spells: 11/11 levels left

rFire   + . .        b - +7 hand axe "Beetlebane" {flame, rN+ Int+3}
rCold   + + +        M - +1 buckler {rC+}
rNeg    + + +        N - +2 chain mail {rC+}
rPois   ∞            (helmet restricted)
rElec   .            E - scarf {rC+ rF+}
rCorr   .            p - +0 pair of gloves
SInv    .            (no boots)
Will    .....        (no amulet) Stlth
                     c - +6 ring of strength
HPRegen 0.38/turn    (no ring)
MPRegen 0.12/turn

%: no passive effects
@: petrified
A: horns 2, retaliatory headbutt
a: Renounce Religion, Berserk, Trog's Hand, Brothers in Arms


You were on level 2 of the Lair of Beasts.
You worshipped Trog.
Trog was extremely pleased with you.
You visited 2 branches of the dungeon, and saw 11 of its levels.
You also visited: Ice Cave.

You collected 673 gold pieces.
You spent 248 gold pieces at shops.

Inventory:

Hand Weapons
 a - a +5 hand axe
 b - the +7 hand axe "Beetlebane" (weapon) {flame, rN+ Int+3}
   (You bought it in a shop on level 1 of the Dungeon)

   Int:       It affects your intelligence (+3).
   rN:        It protects you from negative energy.
Missiles
 x - 9 boomerangs (quivered)
Armour
 p - a +0 pair of gloves (worn)
 E - a scarf of resistance (worn)
 G - +0 acid dragon scales
 M - a +1 buckler of cold resistance (worn)
 N - a +2 chain mail of cold resistance (worn)
Jewellery
 c - a +6 ring of strength (left hand)
Wands
 q - a wand of iceblast (7)
 F - a wand of flame (61)
 I - a wand of mindburst (21)
 L - a wand of acid (6)
Scrolls
 d - 4 scrolls of enchant armour {unknown}
 f - a scroll of enchant weapon {unknown}
 k - 6 scrolls of teleportation {unknown}
 l - 3 scrolls of fog {unknown}
 m - 8 scrolls of identify {unknown}
 n - 2 scrolls of immolation {unknown}
 s - 2 scrolls of vulnerability {unknown}
 t - 2 scrolls of noise {unknown}
 w - 3 scrolls of poison {unknown}
 y - a scroll of blinking {unknown}
 A - 2 scrolls of fear {unknown}
 J - a scroll of amnesia {unknown}
 K - a scroll of butterflies {unknown}
Potions
 e - a potion of lignification {unknown}
 g - 3 potions of cancellation {unknown}
 h - a potion of haste {unknown}
 i - 3 potions of curing {unknown}
 j - a potion of attraction {unknown}
 r - 3 potions of brilliance {unknown}
 u - 2 potions of heal wounds {unknown}
 v - a potion of resistance {unknown}
 z - a potion of degeneration {unknown}
 B - 2 potions of enlightenment {unknown}
 C - 2 potions of berserk rage {unknown}
 H - a potion of might {unknown}


   Skills:
 + Level 11.9 Fighting
 + Level 12.0 Axes
 - Level 5.0 Throwing
 + Level 9.3 Armour
 + Level 8.8 Dodging
 + Level 9.2 Shields
 + Level 7.7 Evocations


You had 11 spell levels left.
You didn't know any spells.
Your spell library was empty.

Dungeon Overview and Level Annotations

Branches:
Dungeon (9/15)             Temple (0/1) D:7            Lair (2/5) D:9
 Shoals (0/4) Lair:2        IceCv (visited)
  Snake: Lair:2-3    Spider: Lair:2-3       Orc: D:9-12

Altars:
Dithmenos
Makhleb
Nemelex Xobeh
Okawaru
Trog
Xom
Jiyva

Shops:
D:1 (   D:7 =

Annotations:
Lair:1 1 runed translucent door, SirDiesAlot's ghost, journeyman OpSh


Innate Abilities, Weirdness & Mutations

You have a pair of horns on your head.
You reflexively headbutt those who attack you in melee.


Message History

The elephant trunk-slaps you but does no damage.
You block the komodo dragon's attack.
The komodo dragon attacks as you move away!
You block the komodo dragon's attack.
The komodo dragon hisses menacingly.
The basilisk gazes at you.
You are slowing down.
The komodo dragon barely misses you.
Your limbs are stiffening.
Unknown command.
The komodo dragon bites you!!
* * * LOW HITPOINT WARNING * * *
The komodo dragon bites you but does no damage.
The elephant tramples you.
* * * LOW HITPOINT WARNING * * *
You stumble backwards!
The elephant barely misses you. You block the elephant's attack.
You have turned to stone.
The elephant tramples you.
You hold your ground!
The elephant trunk-slaps you but does no damage.
The komodo dragon bites you.
* * * LOW HITPOINT WARNING * * *
The elephant tramples you but does no damage.
The elephant trunk-slaps you but does no damage.
The elephant splashes around in the water.
The elephant trunk-slaps you but does no damage.
The elephant tramples you but does no damage.
The elephant trunk-slaps you but does no damage.
The komodo dragon bites you but does no damage.
The elephant tramples you!
* * * LOW HITPOINT WARNING * * *
You hold your ground!
The elephant trunk-slaps you but does no damage.
The elephant tramples you but does no damage.
The elephant splashes around in the water.
The elephant tramples you.
* * * LOW HITPOINT WARNING * * *
You hold your ground!
The elephant trunk-slaps you but does no damage.
The komodo dragon barely misses you. The elephant tramples you!
You die...

....P.....#..........##...#†.....
...P.................##...##.....
.........##...~~~....##..........
..#..##..#~..~~≈~~...#....#.###..
###..P#..P.~~≈≈≈≈~~~.......## .
......)...~~≈~≈≈≈≈≈~~~#......
...........~~~~.~~~~...........
..........~~~≈~lYY≈~.).........
...........~≈~.Y@Y≈~...........
.........†.~~~~≈≈Yl~~#.........
...........~~~≈≈≈≈~........
####+#.####~.~≈≈≈~..##.....
##...##.##...~.~~~...#.....
##.......#...#......## ....
##....................
#...........##......##
#........##.# ......#


You could see 5 elephants, a komodo dragon and a basilisk.

Vanquished Creatures
  A frost giant (IceCv)
  A two-headed ogre (D:9)
  6 death yaks (IceCv)
  The ghost of Newt the Carver, a novice BaFi of the Shining One (D:8)
  Pikel (D:7)
  An ice statue (IceCv)
  A black mamba (Lair:2)
  3 cane toads
  A komodo dragon (Lair:1)
  A tengu conjurer (D:9)
  2 ice devils (Lair:1)
  6 polar bears (IceCv)
  A troll (D:9)
  A hornet (D:9)
  Prince Ribbit (D:6)
  Sigmund (D:2)
  3 slime creatures (D:8)
  2 wraiths (D:9)
  A wyvern (D:7)
  24 yaks
  2 steam dragons
  4 basilisks
  An acid dragon (D:9)
  Duvessa (D:7)
  3 water moccasins
  A black bear (D:5)
  5 orc warriors
  4 ice beasts
  20 wolves (IceCv)
  2 ogres (D:6)
  8 centaurs
  A kobold brigand (D:9)
  5 bullfrogs
  3 scorpions
  A gnoll sergeant (D:8)
  Dowan (D:7)
  6 wights
  3 howler monkeys
  A crimson imp (D:8)
  Crazy Yiuf (D:7)
  2 orc priests
  2 hounds
  3 jellies
  2 gnoll boudas
  3 iguanas
  Terence (D:3)
  3 sleepcaps
  Natasha (thrice) (D:2)
  4 orc wizards
  Robin (D:3)
  13 gnolls
  4 adders
  A river rat (D:6)
  3 shadow imps
  2 worms
  6 dart slugs
  8 orcs
  8 ball pythons
  9 endoplasms
  7 giant cockroaches
  15 goblins
  10 hobgoblins
  12 kobolds
  4 quokkas
  7 bats
  6 frilled lizards
  15 rats
286 creatures vanquished.

Vanquished Creatures (others)
  Erica (D:9)
1 creature vanquished.

Grand Total: 287 creatures vanquished

Notes
Turn   | Place    | Note
-------+----------+-------------------------------------------
     0 | D:1      | howech the Minotaur Berserker began the quest for the Orb.
     0 | D:1      | Reached XP level 1. HP: 19/19 MP: 0/0
   140 | D:1      | Reached XP level 2. HP: 19/27 MP: 1/1
   182 | D:1      | Reached skill level 1 in Shields
   312 | D:1      | Reached XP level 3. HP: 31/33 MP: 2/2
   444 | D:1      | Found Eshrio Oriyru's Antique Weapon Boutique.
   533 | D:1      | Reached ** piety under Trog
   534 | D:1      | Reached skill level 4 in Axes
   798 | D:2      | Noticed Natasha
   805 | D:2      | Reached skill level 1 in Evocations
   806 | D:2      | Reached XP level 4. HP: 40/40 MP: 3/3
   808 | D:2      | Killed Natasha
   949 | D:2      | Noticed Natasha
   959 | D:2      | Killed Natasha
   960 | D:2      | Reached XP level 5. HP: 22/47 MP: 4/4
  1192 | D:2      | Noticed Natasha
  1197 | D:2      | Killed Natasha
  1249 | D:2      | Noticed Sigmund
  1292 | D:2      | Killed Sigmund
  1293 | D:2      | Reached XP level 6. HP: 53/53 MP: 5/5
  1616 | D:3      | Noticed Robin
  1619 | D:3      | Reached *** piety under Trog
  1626 | D:3      | Killed Robin
  1627 | D:3      | Noticed Terence
  1637 | D:3      | Killed Terence
  1956 | D:4      | Reached skill level 5 in Fighting
  1956 | D:4      | Reached skill level 5 in Axes
  1963 | D:4      | Reached XP level 7. HP: 39/61 MP: 6/6
  2477 | D:5      | Entered Level 5 of the Dungeon
  2996 | D:5      | Reached skill level 1 in Throwing
  3002 | D:5      | Reached skill level 5 in Armour
  3032 | D:5      | Reached XP level 8. HP: 42/70 MP: 7/7
  3330 | D:5      | Reached skill level 6 in Axes
  3430 | D:5      | Reached skill level 5 in Dodging
  3720 | D:6      | Found a shadowy altar of Dithmenos.
  3881 | D:6      | Noticed Prince Ribbit
  3895 | D:6      | Killed Prince Ribbit
  3896 | D:6      | Reached skill level 5 in Shields
  4028 | D:6      | Reached **** piety under Trog
  4250 | D:6      | Found a sparkling altar of Nemelex Xobeh.
  4307 | D:6      | Found a bloodstained altar of Trog.
  4314 | D:6      | Reached skill level 7 in Axes
  4314 | D:6      | Reached XP level 9. HP: 72/79 MP: 4/8
  4324 | D:6      | Found a glowing drain.
  5054 | D:1      | Bought a blackened hand axe for 248 gold pieces
  5054 | D:1      | Identified the +7 hand axe "Beetlebane" {flame, rN+ Int+3}
                  | (You bought it in a shop on level 1 of the Dungeon)
  5242 | D:7      | Identified the +2 hammer "Impoevva" {spect, +Blink rPois
                  | Int-4 SInv}
  5244 | D:7      | Found a runed translucent door.
  5245 | D:7      | Noticed Crazy Yiuf
  5251 | D:7      | Killed Crazy Yiuf
  5271 | D:7      | Noticed Duvessa
  5271 | D:7      | Noticed Dowan
  5278 | D:7      | Killed Dowan
  5281 | D:7      | Killed Duvessa
  5654 | D:7      | Found a staircase to the Ecumenical Temple.
  5695 | D:7      | Found Qoywurau's Jewellery Shop.
  5758 | D:7      | Reached skill level 5 in Evocations
  5796 | D:7      | Noticed Pikel
  5819 | D:7      | Killed Pikel
  5820 | D:7      | Reached skill level 8 in Axes
  5820 | D:7      | Reached skill level 5 in Throwing
  5840 | D:7      | Reached skill level 9 in Axes
  6027 | D:8      | Found a runed translucent gate.
  6049 | D:8      | Found a runed translucent gate.
  6051 | D:8      | Found a runed translucent gate.
  6062 | D:8      | Noticed Newt's ghost (novice BaFi)
  6064 | D:8      | Found a viscous altar of Jiyva.
  6368 | D:8      | Found an iron altar of Okawaru.
  6758 | D:8      | Reached XP level 10. HP: 80/91 MP: 9/9
  6908 | D:8      | Found a burning altar of Makhleb.
  6908 | D:8      | Found a shimmering altar of Xom.
  7006 | D:8      | Killed Newt's ghost
  7637 | D:9      | Found a staircase to the Lair.
  7930 | D:9      | Reached skill level 10 in Axes
  8111 | D:9      | Noticed Erica
  8120 | D:9      | Killed Erica
  8121 | D:9      | Reached skill level 10 in Fighting
  8216 | D:9      | Noticed a two-headed ogre
  8225 | D:9      | Killed a two-headed ogre
  8226 | D:9      | Reached XP level 11. HP: 54/99 MP: 10/10
  8503 | Lair:1   | Entered Level 1 of the Lair of Beasts
  8998 | Lair:1   | Found a frozen archway.
  9020 | IceCv    | Entered an ice cave
  9474 | IceCv    | Reached skill level 11 in Axes
  9879 | IceCv    | Reached ***** piety under Trog
 10198 | IceCv    | Noticed a death yak
 10198 | IceCv    | Noticed a death yak
 10211 | IceCv    | Killed a death yak
 10220 | IceCv    | Killed a death yak
 10483 | IceCv    | Noticed a death yak
 10490 | IceCv    | Reached XP level 12. HP: 100/110 MP: 11/11
 10504 | IceCv    | Killed a death yak
 10782 | IceCv    | Noticed a frost giant
 10792 | IceCv    | Killed a frost giant
 10792 | IceCv    | Noticed a death yak
 10796 | IceCv    | Killed a death yak
 10797 | IceCv    | Noticed a death yak
 10798 | IceCv    | Noticed a death yak
 10802 | IceCv    | Killed a death yak
 10809 | IceCv    | Killed a death yak
 11438 | Lair:1   | Found a runed translucent door.
 11441 | Lair:1   | Noticed SirDiesAlot's ghost (journeyman OpSh)
 12119 | Lair:2   | Found a staircase to the Shoals.
 12154 | Lair:2   | Reached skill level 12 in Axes
 12240 | Lair:2   | Slain by an elephant

Illustrated notes

Levels and vault maps discovered:
D:1:      onia_arrival_pyramid, layout_basic, serial_shops, shop,
          chequers_arboretum, minmay_misc_feat_alley
D:2:      layout_rooms, minmay_rat_gold_closets, uniq_natasha, uniq_sigmund
D:3:      layout_rooms, uniq_robin, uniq_terence
D:4:      layout_cave_pools, serial_bayou_crossing
D:5:      layout_basic, grunt_decor_fettered
D:6:      layout_cave_pods, lemuel_round_altar, trog_antimagical,
          mainiacjoe_overflow_cross_hatched, portal_sewer_entry_b,
          uniq_prince_ribbit1
D:7:      layout_gridville, minmay_temple_entry_hall,
          minmay_shop_enchanted_jewellery, chequers_mini_garden, uniq_pikel,
          uniq_duvessa, uniq_crazy_yiuf_cottage
D:8:      layout_layer_cave, grunt_temple_overflow_champion_of_chaos,
          okawaru_gym_becter, gammafunk_ghost_ooze, minmay_misc_feat_iff
D:9:      minmay_four_partial_circles, layout_loops_cross, dpeg_oklobed_lair,
          kennysheep_crisscross, uniq_erica
Lair:1:   layout_roguey, gammafunk_ghost_grave, portal_ice_cave_demonic_guard,
          dreamdust_gnoll_shepherd
Lair:2:   layout_regular_city, minmay_shoals_entry_centaurs,
          spider_nest_entry_funnel_web, grunt_megastairs_2,
          infiniplex_staircase_pool_2

Skill      XL: |  1  2  3  4  5  6  7  8  9 10 11 12 |
---------------+-------------------------------------+-----
Shields        | 1 2 3 4 5 6 8 9 |  9.2
Armour         | 3 4 5 6 8 9 |  9.3
Axes           | 4 5 7 9 10 11 12 | 12.0
Fighting       | 4 5 7 9 10 11 | 11.9
Evocations     | 1 2 3 4 5 6 7 |  7.7
Dodging        | 3 4 5 6 8 |  8.8
Throwing       | 1 3 5 |  5.0

Action                     |  1- 3 |  4- 6 |  7- 9 | 10-12 || total
---------------------------+-------+-------+-------+-------++-------
  Melee: Hand axe          |    53 |   143 |   202 |   402 ||   800
         Headbutt          |     8 |    21 |    49 |    93 ||   171
         Punch             |       |       |     3 |       ||     3
  Throw: Boomerang         |       |       |     5 |    36 ||    41
 Invoke: Berserk           |     1 |     2 |     3 |     6 ||    12
         Trog's Hand       |       |     2 |     3 |     5 ||    10
   Stab: Distracted        |       |       |       |     1 ||     1
 Armour: Animal skin       |     6 |       |       |       ||     6
         Ring mail         |    12 |    13 |       |       ||    25
         Chain mail        |       |    34 |    85 |    84 ||   203
         Leather armour    |       |       |       |    27 ||    27
  Dodge: Dodged            |    36 |    84 |   106 |   180 ||   406
  Block: Buckler           |       |       |     4 |    87 ||    91

Table legend: (Time is in decaauts)
 A = Elapsed time spent in this place.
 B = Non-inter-level travel time spent in this place.
 C = Inter-level travel time spent in this place.
 D = Time resting spent in this place.
 E = Time spent auto-exploring this place.
 F = Levels seen in this place.
 G = Mean time per level.
                   A        B        C        D        E       F      G
               +--------+--------+--------+--------+--------+-----+--------+
         Total |  12306 |  11808 |    498 |   2060 |   7304 |  12 | 1025.5 |
       Dungeon |   8597 |   8122 |    475 |    831 |   5624 |   9 |  955.2 |
          Lair |   1405 |   1382 |     23 |    154 |    980 |   2 |  702.5 |
      Ice Cave |   2304 |   2304 |      0 |   1074 |    700 |   1 | 2304.0 |
               +--------+--------+--------+--------+--------+-----+--------+

Top non-repeatable levels by time:
   IceCv: 2304 daAuts
     D:9: 1321 daAuts
     D:8: 1285 daAuts
     D:5: 1274 daAuts
     D:6: 1268 daAuts
  Lair:1: 1112 daAuts
     D:1: 891 daAuts
     D:7: 737 daAuts
     D:2: 723 daAuts
     D:4: 614 daAuts
     D:3: 480 daAuts
  Lair:2: 292 daAuts
